 Dungeon Crawl Stone Soup version 0.31-a0-221-gbddc013574 (webtiles) character file.

Game seed: 3213852022685707665

77 Midn8 the Magician (level 4, -2/27 HPs)
             Began as an Octopode Earth Elementalist on July 4, 2023.
             Slain by an orc wizard
             ... wielding a +0 dagger
              (3 damage)
             ... on level 3 of the Dungeon.
             The game lasted 00:05:26 (2196 turns).

Midn8 the Magician (Octopode Earth Elementalist)    Turns: 2196, Time: 00:05:26

Health: -2/27      AC:  1    Str:  7    XL:     4   Next: 33%
Magic:  2/9        EV: 13    Int: 19    God:
Gold:   84         SH:  0    Dex: 12    Spells: 6/10 levels left

rFire   . . .        g - +0 short sword
rCold   . . .        (no shield)
rNeg    . . .        (helmet restricted)
rPois   .            (no amulet)
rElec   .            (no ring)
rCorr   .            (no ring)
SInv    .            (no ring)
Will    .....        (no ring)
Stlth   +++          (no ring)
HPRegen 0.24/turn    (no ring)
MPRegen 0.11/turn    (no ring)
                     (no ring)

%: no passive effects
@: no status effects
A: almost no armour, amphibious, 8 rings, camouflage 1, gelatinous body 1,
(nimble swimmer 1), tentacles
a: no special abilities


You were on level 3 of the Dungeon.
You visited 1 branch of the dungeon, and saw 3 of its levels.

You collected 84 gold pieces.

Inventory:

Hand Weapons
 g - a +0 short sword (weapon)
Missiles
 b - 2 poisoned darts
Jewellery
 j - a ring of poison resistance
Scrolls
 e - a scroll of vulnerability {unknown}
 h - 2 scrolls of fog {unknown}
 i - a scroll of poison {unknown}
Potions
 a - a potion of magic
 c - 2 potions of resistance {unknown}
 d - 2 potions of cancellation {unknown}
 f - 2 potions of heal wounds {unknown}


   Skills:
 - Level 2.0 Dodging
 - Level 3.5 Stealth
 + Level 3.9 Spellcasting
 - Level 1.0 Transmutations
 - Level 3.0 Earth Magic


You had 6 spell levels left.
You knew the following spells:

 Your Spells              Type           Power      Damage    Failure   Level
a - Sandblast             Erth           30%        2d9       4%          1
s - Stone Arrow           Conj/Erth      18%        3d8       22%         3

Your spell library contained the following spells:

 Spells                   Type           Power      Damage    Failure   Level
 Passwall                 Tmut/Erth      9%         N/A       10%         2
 Slow                     Hex            12%        N/A       14%         1
 Ensorcelled Hibernation  Hex/Ice        6%         N/A       22%         2
 Confusing Touch          Hex            3%         N/A       38%         3
 Swiftness                Air            3%         N/A       38%         3
 Vampiric Draining        Necr           3%         2d6       38%         3
 Petrify                  Tmut/Erth      11%        N/A       52%         4


Dungeon Overview and Level Annotations

Branches:
Dungeon (3/15)

Altars:

Annotations:
D:2 Terence


Innate Abilities, Weirdness & Mutations

You cannot wear most types of armour.
You are amphibious.
You can wear up to eight rings at the same time.
Your skin changes colour to match your surroundings (Stealth+).
Your rubbery body absorbs attacks. (AC +1, EV +1)
((You are camouflaged when in or above water. (Stealth+)))
You have tentacles for arms and can constrict up to eight enemies at once.


Message History

Unknown command.
Casting: Sandblast (safe; 4% risk of failure)
Confirm with . or Enter, or press ? or * to list all spells.
You can't see any susceptible monsters within range! (Use Z to cast anyway.)
Casting: Sandblast (safe; 4% risk of failure)
Confirm with . or Enter, or press ? or * to list all spells.
Aiming: Sandblast (safe; 4% risk of failure)
Press: ? - help, Shift-Dir - straight line The blast of sand hits something but does no damage.
Something hits you. x2
* * * LOW HITPOINT WARNING * * *
Unknown command.
Casting: Sandblast (safe; 4% risk of failure)
Confirm with . or Enter, or press ? or * to list all spells.
Aiming: Sandblast (safe; 4% risk of failure)
Press: ? - help, Shift-Dir - straight line The blast of sand hits something but does no damage.
Something hits you.
* * * LOW HITPOINT WARNING * * *
Unknown command.
Casting: Sandblast (safe; 4% risk of failure)
Confirm with . or Enter, or press ? or * to list all spells.
Aiming: Sandblast (safe; 4% risk of failure)
Press: ? - help, Shift-Dir - straight line The blast of sand hits something.
Something hits you.
* * * LOW HITPOINT WARNING * * *
Something hits you.
* * * LOW HITPOINT WARNING * * *
Unknown command.
Casting: Sandblast (safe; 4% risk of failure)
Confirm with . or Enter, or press ? or * to list all spells.
You can't see any susceptible monsters within range! (Use Z to cast anyway.)
Casting: Sandblast (safe; 4% risk of failure)
Confirm with . or Enter, or press ? or * to list all spells.
Aiming: Sandblast (safe; 4% risk of failure)
Press: ? - help, Shift-Dir - straight line The blast of sand hits something but does no damage.
The orc shouts!
Something hits you.
You die...

.. #......... #. #o)#
#.# ##.#
#..###########.##
#..............##
##..####........#
#.############)#
#....### #{# #......##
#@# .+ ##......## #.#
########.# ####....###
#.###........#
###....###............##
##...................# .
##..................# ..
###................#..#
####.................
#.....#...#......#


You could see an orc.

Vanquished Creatures
  An adder (D:2)
  A worm (D:2)
  4 dart slugs
  2 orcs (D:3)
  7 ball pythons
  2 endoplasms
  6 giant cockroaches
  4 hobgoblins
  5 jackals (D:1)
  3 quokkas
  2 bats (D:3)
  A frilled lizard (D:2)
  3 goblins
  4 kobolds
  5 rats
50 creatures vanquished.

Notes
Turn   | Place    | Note
-------+----------+-------------------------------------------
     0 | D:1      | Midn8 the Octopode Earth Elementalist began the quest for
                  | the Orb.
     0 | D:1      | Reached XP level 1. HP: 11/11 MP: 3/3
   169 | D:1      | Reached XP level 2. HP: 17/17 MP: 0/5
   551 | D:1      | Reached XP level 3. HP: 15/21 MP: 0/7
   617 | D:1      | Learned a level 3 spell: Stone Arrow
  1446 | D:2      | Noticed Terence
  1750 | D:2      | Reached XP level 4. HP: 27/27 MP: 6/9
  2195 | D:3      | HP: 1/27 [something (2)]
  2196 | D:3      | Slain by an orc wizard

Illustrated notes

Levels and vault maps discovered:
D:1:      spicycebolla_arrival_ecumenical, layout_loops_ring, serial_glass,
          glass_columns_b, glass_columns_c, glass_columns_a, glass_columns_b,
          kennysheep_boxes
D:2:      layout_loops_ring, kennysheep_decorative_pillar, uniq_terence
D:3:      layout_rooms, mainiacjoe_overflow_24_doors,
          mainiacjoe_overflow_small_starburst, serial_curves, eino_curves_02,
          eino_curves_02, eino_curves_04, eino_curves_03, st_stairs_9,
          serial_bayou_pond_a, uniq_grinder, uniq_natasha

Skill      XL: |  1  2  3 |
---------------+----------+-----
Stealth        | 3 |  3.5
Spellcasting   | 3 |  3.9
Dodging        | |  2.0
Transmutations | |  1.0
Earth Magic    | |  3.0

Action                     |  1- 3 |  4- 6 || total
---------------------------+-------+-------++-------
  Melee: Unarmed           |     6 |       ||     6
         Tentacles         |     2 |       ||     2
         Constrict         |     1 |       ||     1
         Short sword       |     2 |       ||     2
   Cast: Sandblast         |    62 |    17 ||    79
   Stab: Sleeping          |     2 |       ||     2
 Armour: Skin              |     2 |     1 ||     3
  Dodge: Dodged            |    16 |     5 ||    21

Table legend: (Time is in decaauts)
 A = Elapsed time spent in this place.
 B = Non-inter-level travel time spent in this place.
 C = Inter-level travel time spent in this place.
 D = Time resting spent in this place.
 E = Time spent auto-exploring this place.
 F = Levels seen in this place.
 G = Mean time per level.
                   A        B        C        D        E       F      G
               +--------+--------+--------+--------+--------+-----+--------+
         Total |   2235 |   2142 |     93 |    639 |   1153 |   3 |  745.0 |
       Dungeon |   2235 |   2142 |     93 |    639 |   1153 |   3 |  745.0 |
               +--------+--------+--------+--------+--------+-----+--------+

Top non-repeatable levels by time:
     D:1: 1112 daAuts
     D:2: 953 daAuts
     D:3: 169 daAuts
